 Dungeon Crawl Stone Soup version 0.20-a0-513-g02c11fc (webtiles) character file.

42611 kuniqs the Fighter (level 13, -15/123 HPs)
             Began as a Yellow Draconian Berserker on Jan 23, 2017.
             Was the Champion of Trog.
             Demolished by a two-headed ogre
             ... wielding a +0 giant spiked club
              (23 damage)
             ... while paralysed by an ogre mage
             ... on level 2 of the Orcish Mines.
             The game lasted 00:38:29 (14928 turns).

kuniqs the Fighter (Yellow Draconian Berserker)    Turns: 14928, Time: 00:38:30

Health: -15/123    AC: 15    Str: 29    XL:     13   Next: 86%
Magic:  13/13      EV:  2    Int: 10    God:    Trog [******]
Gold:   1622       SH:  0    Dex: 15    Spells: 12/12 levels left

rFire    . . .     SeeInvis .   J - +10 great sword of Premature Burial {protect, MR+ Str+4 Stlth+}
rCold    + . .     Gourm    .   (armour unavailable)
rNeg     . . .     Faith    .   (shield currently unavailable)
rPois    .         Spirit   .   T - +2 hat {Int+3}
rElec    .         Reflect  .   p - +1 cloak
rCorr    +         Harm     .   N - +1 pair of gloves
MR       +....                  r - +0 pair of boots
Stlth    +++++.....             (no amulet)
Regen    0.3/turn               P - +4 ring of strength
                                L - ring of protection from cold

@: paralysed
A: spit acid, acid resistance, unfitting armour, cold-blooded, AC +8
a: Breathe Acid, Berserk, Trog's Hand, Brothers in Arms, Burn Spellbooks,
Renounce Religion


You were on level 2 of the Orcish Mines.
You worshipped Trog.
Trog was exalted by your worship.
You were not hungry.

You visited 4 branches of the dungeon, and saw 19 of its levels.
You also visited: Sewer and Ossuary.

You collected 1622 gold pieces.

Inventory:

Hand Weapons
 j - a +1 scimitar of flaming
 s - a +2 antimagic great sword
 J - the +10 great sword of Premature Burial (weapon) {protect, MR+ Str+4 Stlth+}
   (Trog gifted it to you on level 11 of the Dungeon)

   It protects the one who uses it against injury (+AC on strike).
   It affects your strength (+4).
   It affects your resistance to hostile enchantments.
   It makes you more stealthy.
Missiles
 W - 4 throwing nets (quivered)
Armour
 p - a +1 cloak (worn)
 r - a +0 pair of boots (worn)
 N - a +1 pair of gloves (worn)
 T - a +2 hat of intelligence (worn)
Jewellery
 L - a ring of protection from cold (left hand)
 P - a +4 ring of strength (right hand)
Wands
 x - a wand of lightning (6/15)
 B - a wand of flame (28/48)
 D - a wand of lightning (8/15)
 H - a wand of polymorph (9/24)
 K - a wand of paralysis (20/24)
 M - a wand of iceblast (10/15)
 S - a wand of disintegration (12/24)
 U - a wand of flame (26/48)
 Y - a wand of iceblast (4/15)
Scrolls
 b - 6 scrolls of blinking
 c - 2 scrolls of fog
 h - 4 scrolls of teleportation
 m - a scroll of recharging
 n - 3 scrolls of enchant armour
 t - 4 scrolls of enchant weapon
 v - 10 scrolls of remove curse {@r2}
 y - a scroll of silence
 I - 2 scrolls of magic mapping
 X - a scroll of immolation
Potions
 a - 2 potions of heal wounds
 i - 5 potions of curing {@q1}
 k - a potion of cancellation
 l - 2 potions of haste
 o - 2 potions of magic
 q - 2 potions of agility
 u - a potion of cure mutation
 w - 3 potions of invisibility
 z - 7 potions of flight
 A - a potion of might
 E - 3 potions of lignification
 F - a potion of resistance
 Q - 7 potions of ambrosia
Books
 C - a book of Air

   Spells                             Type                      Level
   a - Shock                          Conjuration/Air              1
   b - Swiftness                      Charms/Air                   2
   c - Repel Missiles                 Charms/Air                   2
   d - Static Discharge               Conjuration/Air              3
   e - Lightning Bolt                 Conjuration/Air              5
   Trog disapproves of the use of such an item.
Comestibles
 d - 9 bread rations
 e - 5 meat rations
 f - 44 fruits
 g - 3 royal jellies


   Skills:
 + Level 13.8 Fighting
 + Level 13.1 Long Blades
 + Level 12.1 Dodging
 - Level 8.0 Stealth
   Level 5.7 Shields


You had 12 spell levels left.
You didn't know any spells.

Dungeon Overview and Level Annotations

Branches:
Dungeon (15/15)            Temple (1/1) D:4            Lair (1/6) D:10
    Orc (2/2) D:10         Vaults (0/5) D:14
    Elf: Orc:2       Depths: D:15

Altars:
Dithmenos
Elyvilon
Fedhas
Gozag
Makhleb
Ru
Trog
Xom
Beogh

Shops:
D:6 (   Orc:1 %   Orc:2 ([


Innate Abilities, Weirdness & Mutations

You can spit globs of acid.
You are resistant to acid.
Your golden yellow scales are hard. (AC +8)
You cannot fit into any form of body armour.
You are cold-blooded and may be slowed by cold attacks.


Message History

The ogre shouts!
The ogre seems to speed up.
The two-headed ogre hits you with a giant spiked club.
The two-headed ogre hits you but does no damage.
The ogre mage hits you but does no damage.
The ogre mage points at you and mumbles some strange words.
You resist with almost no effort.
The two-headed ogre hits you with a giant spiked club!!
The two-headed ogre hits you with a giant club!
* * * LOW HITPOINT WARNING * * *
The ogre mage points at the two-headed ogre and mumbles some strange words.
The two-headed ogre shouts in stereo!
The two-headed ogre seems to speed up.
The two-headed ogre hits you with a giant spiked club!
* * * LOW HITPOINT WARNING * * *
The two-headed ogre hits you with a giant club.
* * * LOW HITPOINT WARNING * * *
The ogre mage hits you but does no damage.
The two-headed ogre hits you with a giant spiked club!!
You die...

##......#...........#
#.......P..........###########
#.....P............##.##....##
##P...8..P....................#
###P..................<..##....#
#.#........P.P........)...##...#
........∩.............[...##..###
....PP........).[).............#.
.....P.P......)O@...............#
.......PP..P...OO...............#
P........P.......)...............
..#...)...........().........#...
............O..........P..P..##..
......................P.......##.
P.........)..........(.....P..###
...............................#.
...#............................#


You could see 2 two-headed ogres, an ogre mage and an ogre.

Vanquished Creatures
  An ettin (Orc:1)
  A fire dragon (D:15)
  A great orb of eyes (D:14)
  2 hydras (D:13)
  2 centaur warriors (D:13)
  8 two-headed ogres
  2 dancing weapons (D:14)
  A tengu warrior (D:14)
  An orc high priest (Orc:2)
  A skeletal warrior (D:15)
  2 unseen horrors
  2 deep elf magi (Orc:1)
  A swamp dragon (shapeshifter) (D:14)
  An orc knight (Orc:2)
  2 orc sorcerers
  10 ugly things
  3 cyclopes
  A manticore (D:13)
  A centaur zombie (D:14)
  An efreet (D:15)
  A centaur skeleton (D:14)
  A yaktaur (D:15)
  A kobold demonologist (D:14)
  A freezing wraith (D:14)
  A tengu conjurer (D:14)
  6 trolls
  A meliai (D:15)
  2 hornets
  6 slime creatures (D:14)
  4 hippogriffs
  Sigmund (D:4)
  A meliai zombie (D:13)
  3 wraiths
  3 shadows (D:14)
  26 yaks
  2 wyverns
  2 hungry ghosts
  A warg (Orc:2)
  The ghost of Protee the Digger, an amateur DsEE (Sewer)
  Edmund (D:5)
  A soldier ant (D:12)
  15 orc warriors
  4 ice beasts
  An eye of draining (D:14)
  4 sky beasts
  A phantom (D:5)
  A swamp drake (Orc:1)
  A black bear (D:9)
  7 ogres
  23 centaurs
  7 big kobolds
  4 bullfrogs
  5 water moccasin zombies (Ossuary)
  3 scorpions
  3 killer bees (D:8)
  3 howler monkeys (D:10)
  6 wights
  An electric eel (D:15)
  2 bullfrog zombies
  9 crimson imps
  4 quasits
  7 hounds
  7 orc priests
  5 jellies
  13 orc wizards
  2 bullfrog skeletons
  3 iguanas
  An iron imp (Orc:1)
  Jessica (D:2)
  Natasha (thrice) (D:3)
  10 worker ants
  Ijyb (D:3)
  Terence (D:2)
  A killer bee zombie (D:10)
  2 big kobold zombies (Ossuary)
  2 mummies (Ossuary)
  A howler monkey skeleton (D:4)
  16 adders
  4 gnolls
  3 shadow imps
  A white imp (Orc:1)
  9 oozes
  2 adder skeletons
  7 adder zombies
  7 worms
  4 dart slugs
  10 leopard geckos
  61 orcs
  3 ball pythons
  21 bats
  13 giant cockroaches
  14 goblins
  5 hobgoblins
  13 jackals
  6 quokkas
  7 frilled lizards
  A gnoll zombie (Ossuary)
  5 hobgoblin zombies (Ossuary)
  A jackal skeleton (D:4)
  31 kobolds
  6 kobold zombies (Ossuary)
  8 orc zombies (Ossuary)
  A quokka zombie (D:5)
  7 rats
540 creatures vanquished.

Vanquished Creatures (others)
  An orc wizard (D:13)
  4 fungi (Orc:2)
  2 withered plants (D:15)
7 creatures vanquished.

Grand Total: 547 creatures vanquished

Notes
Turn   | Place    | Note
-------+----------+-------------------------------------------
     0 | D:1      | kuniqs the Draconian Berserker began the quest for the Orb.
     0 | D:1      | Reached XP level 1. HP: 19/19 MP: 1/1
   102 | D:1      | Reached XP level 2. HP: 23/26 MP: 2/2
   477 | D:1      | Reached XP level 3. HP: 33/33 MP: 3/3
   576 | D:1      | Found a shimmering altar of Xom.
   578 | D:1      | Found a white marble altar of Elyvilon.
   578 | D:1      | Found an iron altar of Okawaru.
   580 | D:1      | Found a white marble altar of Elyvilon.
   580 | D:1      | Found a blossoming altar of Fedhas.
   580 | D:1      | Found a sacrificial altar of Ru.
   675 | D:2      | Reached ** piety under Trog
   999 | D:2      | Reached XP level 4. HP: 40/40 MP: 4/4
  1325 | D:2      | You fall through a shaft for 2 floors!
  1415 | D:4      | Noticed Edmund
  1629 | D:2      | Reached XP level 5. HP: 41/47 MP: 5/5
  1686 | D:2      | Noticed Terence
  1694 | D:2      | Killed Terence
  1845 | D:2      | Noticed Jessica
  1865 | D:2      | Killed Jessica
  1865 | D:2      | Reached *** piety under Trog
  2036 | D:3      | Noticed Ijyb
  2045 | D:3      | Killed Ijyb
  2045 | D:3      | Reached skill level 5 in Fighting
  2373 | D:3      | Reached XP level 6. HP: 56/56 MP: 6/6
  2423 | D:3      | Noticed Natasha
  2429 | D:3      | Killed Natasha
  2531 | D:3      | Noticed Natasha
  2541 | D:3      | Killed Natasha
  2579 | D:3      | Noticed Natasha
  2588 | D:3      | Killed Natasha
  2809 | D:4      | Noticed Sigmund
  2811 | D:4      | Found a staircase to the Ecumenical Temple.
  2821 | D:4      | Killed Sigmund
  2821 | D:4      | Reached skill level 5 in Long Blades
  2838 | Temple   | Entered the Ecumenical Temple
  2912 | D:4      | Your scales start taking on a golden yellow colour.
  2912 | D:4      | Reached XP level 7. HP: 59/62 MP: 7/7
  3237 | D:5      | Entered Level 5 of the Dungeon
  3297 | D:5      | Reached skill level 5 in Dodging
  3333 | D:5      | Reached **** piety under Trog
  3354 | D:5      | Killed Edmund
  3354 | D:5      | Reached XP level 8. HP: 71/71 MP: 8/8
  3439 | D:5      | Found a sand-covered staircase.
  3443 | Ossuary  | Entered an ossuary
  3819 | D:5      | Found a glowing drain.
  3829 | Sewer    | Entered a sewer
  3856 | Sewer    | Reached ***** piety under Trog
  3988 | Sewer    | Noticed Protee's ghost (amateur DsEE)
  3995 | Sewer    | Killed Protee's ghost
  4571 | D:5      | Reached XP level 9. HP: 81/81 MP: 9/9
  5075 | D:6      | Found Cumum's Antique Weapon Emporium.
  5376 | D:7      | Received a gift from Trog
  5478 | D:7      | Reached skill level 1 in Shields
  5672 | D:7      | Found a shimmering altar of Xom.
  5673 | D:7      | Found a burning altar of Makhleb.
  6303 | D:8      | Reached XP level 10. HP: 66/91 MP: 10/10
  7137 | D:8      | Noticed a two-headed ogre
  7144 | D:8      | Killed a two-headed ogre
  7144 | D:8      | Reached skill level 10 in Fighting
  7197 | D:8      | Found an opulent altar of Gozag.
  8065 | D:10     | Entered Level 10 of the Dungeon
  8077 | D:10     | Reached skill level 5 in Shields
  8218 | D:10     | Found a staircase to the Orcish Mines.
  8422 | D:10     | Reached XP level 11. HP: 75/101 MP: 11/11
  8523 | D:10     | Found a staircase to the Lair.
  8526 | D:10     | Reached ****** piety under Trog
  8544 | D:10     | Reached skill level 10 in Long Blades
  8736 | D:11     | Noticed a two-headed ogre
  8743 | D:11     | Killed a two-headed ogre
  8771 | D:11     | Received a gift from Trog
  8778 | D:11     | Got a transparent great sword {god gift}
  8779 | D:11     | Identified the +10 great sword of Premature Burial {protect, MR+ Str+4 Stlth+} (Trog gifted it to you on level 11 of the Dungeon)
  9645 | D:11     | Noticed a two-headed ogre
  9649 | D:11     | Killed a two-headed ogre
  9649 | D:11     | Reached skill level 1 in Stealth
  9762 | D:12     | Noticed a brown ugly thing
  9767 | D:12     | Killed a brown ugly thing
  9885 | D:12     | Noticed a cyan ugly thing
  9892 | D:12     | Killed a cyan ugly thing
  9910 | D:12     | Found a sacrificial altar of Ru.
  9954 | D:12     | Reached skill level 10 in Dodging
 10141 | D:13     | Noticed a white ugly thing
 10146 | D:13     | Killed a white ugly thing
 10341 | D:13     | Noticed a two-headed ogre
 10354 | D:13     | Killed a two-headed ogre
 10354 | D:13     | Reached XP level 12. HP: 83/111 MP: 12/12
 10854 | D:13     | Noticed a centaur warrior
 10863 | D:13     | Killed a centaur warrior
 11174 | D:13     | Received a gift from Trog
 11185 | D:13     | Got a translucent hunting sling {god gift}
 11186 | D:13     | Identified the +4 hunting sling "Givvou" {venom, Int+3 Dex+4} (Trog gifted it to you on level 13 of the Dungeon)
 11289 | D:13     | Noticed a five-headed hydra
 11392 | D:13     | Killed a five-headed hydra
 11441 | D:13     | Noticed a centaur warrior
 11444 | D:13     | Killed a centaur warrior
 11444 | D:13     | Reached skill level 5 in Stealth
 11469 | D:13     | Noticed a four-headed hydra
 11474 | D:13     | Killed a four-headed hydra
 11729 | D:14     | Found a shadowy altar of Dithmenos.
 11747 | D:14     | Noticed a two-headed ogre
 11766 | D:14     | Killed a two-headed ogre
 11910 | D:14     | Noticed a tengu warrior
 11919 | D:14     | Killed a tengu warrior
 12175 | D:14     | Reached XP level 13. HP: 32/119 MP: 13/13
 12907 | D:14     | Found a gate to the Vaults.
 13455 | D:15     | Entered Level 15 of the Dungeon
 13548 | D:15     | Noticed a fire dragon
 13558 | D:15     | Killed a fire dragon
 13780 | Lair:1   | Entered Level 1 of the Lair of Beasts
 13811 | Orc:1    | Entered Level 1 of the Orcish Mines
 13824 | Orc:1    | Received a gift from Trog
 13901 | Orc:1    | Found Ylybuf's Food Emporium.
 13906 | Orc:1    | Noticed an ettin
 13914 | Orc:1    | Killed an ettin
 14009 | Orc:1    | Found a bloodstained altar of Trog.
 14067 | Orc:2    | Entered Level 2 of the Orcish Mines
 14116 | Orc:1    | Found a roughly hewn altar of Beogh.
 14754 | Orc:2    | Found Fidi's Antique Armour Shop.
 14769 | Orc:2    | Found Hame's Antique Weapon Shop.
 14922 | Orc:2    | Paralysed by an ogre mage for 7 turns
 14928 | Orc:2    | Demolished by a two-headed ogre

Vault maps used:
D:1:      roderic_dead_forest, doesnt_xom_only_xom
D:2:      wad_river_or_something, uniq_terence, uniq_jessica
D:3:      uniq_iyjb, uniq_natasha
D:4:      kennysheep_spiral_hall, first_bread, uniq_edmund, uniq_sigmund
D:5:      portal_sewer_entry_f, nicolae_ossuary_entry_plus, serial_bayou_pond_a
D:6:      serial_shops, shop
D:7:      grunt_temple_overflow_champion_of_chaos
D:8:      lemuel_coloured_pillars_altar
D:10:     blue_anna_alchemist, item_on_display_a
D:12:     basic_altar
D:14:     erik_vaults_1, nicolae_dithmenos_the_darkroom
D:15:     gammafunk_depths_entry_grave, solitary_fountain, sword_in_stone,
          uniq_azrael
Temple:   dpeg_five_rooms_temple
Lair:1:   hibernation_bobbens
Orc:1:    serial_shops, shop, hangedman_feature_mirror, hangedman_minor_magic
Orc:2:    grunt_orc_gardens, grunt_orc_garden, grunt_orc_garden,
          grunt_orc_garden, grunt_orc_garden, elf_legates
Sewer:    sewer_fruit_machine
Ossuary:  ossuary_tomb_2

Skill      XL: |  1  2  3  4  5  6  7  8  9 10 11 12 13 |
---------------+----------------------------------------+-----
Dodging        | 3 4 5 6 7 9 10 11 12 | 12.1
Fighting       | 4 5 6 8 9 10 11 12 13 | 13.8
Long Blades    | 4 5 6 7 8 9 11 12 13 | 13.1
Shields        | 2 5 |  5.7
Stealth        | 3 6 8 |  8.0

Action                   |  1- 3 |  4- 6 |  7- 9 | 10-12 | 13-15 || total
-------------------------+-------+-------+-------+-------+-------++-------
Melee: Falchion          |    86 |   155 |       |       |       ||   241
       Tailslap          |    19 |    35 |   102 |   100 |    49 ||   305
       Long sword        |       |    31 |   456 |       |       ||   487
       Scimitar          |       |       |    73 |   193 |       ||   266
       Great sword       |       |       |       |   232 |   202 ||   434
       Dagger            |       |       |       |    12 |       ||    12
Invok: Berserk           |     1 |     3 |     5 |    14 |     8 ||    31
       Trog's Hand       |       |     1 |       |     1 |     1 ||     3
       Burn Spellbooks   |       |       |       |     2 |     1 ||     3
 Abil: Breathe Acid      |       |       |    11 |     1 |       ||    12
  Use: Potion            |     1 |       |     3 |     7 |       ||    11
       Scroll            |       |       |     1 |    19 |       ||    20
 Stab: Sleeping          |     1 |     6 |    13 |    20 |     7 ||    47
       Distracted        |       |       |     1 |     1 |     1 ||     3
  Eat: Chunk             |     1 |    10 |    18 |    26 |    14 ||    69
       Royal jelly       |       |       |     1 |     3 |     1 ||     5
       Fruit             |       |       |       |     1 |       ||     1
Armor: Skin              |    20 |    70 |   203 |   143 |    72 ||   508
Dodge: Dodged            |    66 |   119 |   401 |   388 |   155 ||  1129
Block: Shield            |       |       |     6 |       |       ||     6
       Rpst.: Falchion   |    25 |    31 |       |       |       ||    56
       Long sword        |       |     6 |   104 |       |       ||   110
       Scimitar          |       |       |    17 |    44 |       ||    61
       Great sword       |       |       |       |    45 |    33 ||    78
